Sharks vs Golden Knights

Created - March 14, 2020 at 21:53

Goals
1 2 3 T
Sharks 0 1 3 4
Golden Knights 0 2 0 2
Shots
1 2 3 T
Sharks 14 7 11 32
Golden Knights 10 16 8 34

1st period

No Goal

Penalties :
Dennis Wideman (SJS) for Tripping (Minor) at 16:01

2nd period

1. Sharks , Dennis Wideman 3 (Drew Doughty 53) at 0:58 (PP)
2. Golden Knights , Chris Higgins 16 (Andrei Loktionov 34, Jared Cowen 16) at 10:12
3. Golden Knights , Michael Frolik 30 (Ilya Kovalchuk 23, Matt Stajan 16) at 12:14 (PP)

Penalties :
Andrei Loktionov (Vgs) for High sticking (Minor) at 0:41, Andrej Sekera (SJS) for Cross-checking (Minor) at 3:11, Luke Adam (SJS) for Hooking (Minor) at 11:15

3rd period

4. Sharks , Jason Spezza 27 (Andrej Sekera 10) at 2:34
5. Sharks , Stefan Ruzicka 11 (Drew Doughty 54, Zach Boychuk 15) at 9:11
6. Sharks , T.J. Hensick 11 (Oskar Osala 10, Adam Larsson 12) at 17:24

Penalties :
Adam Larsson (SJS) for Holding (Minor) at 3:04, Oskar Osala (SJS) for Tripping (Minor) at 6:23, Ryan Miller (SJS) for Slashing (Minor) at 11:24 - Dennis Wideman served the penalty, Brandon Bollig (Vgs) for Cross-checking (Minor) at 15:15

Goalie Stats

Ryan Miller (SJS), 32 saves from 34 shots - (0.941), W, 22-20-6, 60:00 minutes
Robin Lehner (Vgs), 28 saves from 32 shots - (0.875), L, 21-18-8, 60:00 minutes

Players Stats for Sharks

Player Name              G  A  P  +/- PIM S  H  SB GA TA FO     MP     PP MP  PK MP  
------------------------------------------------------------------------------------
Adam Larsson             0  1  1   2  2   2  1  1  0  1  0/0    24:36   0:50   3:44 
Andrej Sekera            0  1  1   1  2   1  0  0  1  2  0/0    23:30   0:00   3:56 
Bobby Butler             0  0  0   0  0   0  2  0  0  1  1/2    13:20   0:58   0:00 
Brandon Dubinsky         0  0  0   0  0   6  3  0  0  0  5/6    16:50   0:58   3:23 
David Rundblad           0  0  0   0  0   0  0  0  0  0  0/0     7:35   0:00   0:04 
Dennis Wideman           1  0  1   0  2   2  0  1  0  2  0/0    28:47   1:26   4:13 
Drew Doughty             0  2  2   0  0   3  2  1  0  0  0/0    27:17   1:26   6:17 
Jason Spezza             1  0  1   2  0   4  1  0  0  0  16/36  23:07   1:18   6:21 
Jiri Tlusty              0  0  0  -1  0   0  2  0  0  0  0/0     6:21   0:00   0:00 
Luke Adam                0  0  0  -1  2   1  0  0  0  1  1/3     6:20   0:00   0:00 
Martins Karsums          0  0  0   1  0   1  2  1  0  0  0/0    12:13   0:00   0:00 
Mike Cammalleri          0  0  0   0  0   2  0  0  0  0  1/3    17:53   0:58   4:19 
Milan Michalek           0  0  0   2  0   3  1  0  0  1  2/4    22:52   1:18   6:17 
Oskar Osala              0  1  1   1  2   1  1  1  2  0  0/0    12:45   0:00   0:14 
Stefan Ruzicka           1  0  1   2  0   1  2  2  0  0  2/2    16:35   1:18   0:00 
T.J. Hensick             1  0  1   1  0   3  1  1  2  0  7/9    12:19   0:00   0:00 
Tyler Cuma               0  0  0   1  0   0  2  0  0  0  0/0     8:31   0:50   3:34 
Zach Boychuk             0  1  1  -1  0   2  1  0  0  0  1/1     8:10   0:00   1:14 

Players Stats for Golden Knights

Player Name              G  A  P  +/- PIM S  H  SB GA TA FO     MP     PP MP  PK MP  
------------------------------------------------------------------------------------
Alex Tanguay             0  0  0   0  0   0  1  0  0  0  0/0    10:47   0:00   0:20 
Andrei Loktionov         0  1  1  -2  2   7  2  0  0  0  4/11   18:22   4:33   0:34 
Brandon Bollig           0  0  0   0  2   0  2  1  0  0  0/0     7:32   0:00   0:00 
Chris Higgins            1  0  1  -2  0   3  3  0  1  0  0/1    17:58   4:33   0:00 
Damien Brunner           0  0  0   0  0   1  0  1  0  0  0/0     7:32   0:00   0:00 
Ilya Kovalchuk           0  1  1   0  0   4  0  0  0  0  3/4    23:09   6:21   1:15 
Jared Cowen              0  1  1  -1  0   3  0  1  0  0  0/0    28:34   5:50   1:23 
Mathew Dumba             0  0  0  -1  0   1  0  0  0  1  0/0    11:00   0:00   0:00 
Matt Stajan              0  1  1   0  0   2  2  0  0  0  21/41  23:13   6:21   1:19 
Maxim Lapierre           0  0  0   0  0   0  2  0  0  0  0/5    10:11   0:00   0:00 
Michael Frolik           1  0  1   0  0   2  1  0  1  0  0/0    22:27   6:21   0:34 
Michael Kostka           0  0  0   0  0   0  2  2  1  0  0/0    20:26   5:04   0:53 
Ole-Kristian Tollefsen   0  0  0   0  0   1  0  1  0  2  0/0    20:26   5:04   0:53 
Patrice Cormier          0  0  0   0  0   0  0  0  0  0  2/2     7:32   0:00   0:00 
Steve Bernier            0  0  0   0  0   0  3  0  0  1  0/0    10:50   0:00   0:30 
Vladimir Mihalik         0  0  0  -1  0   2  2  1  1  0  0/0    11:00   0:00   0:00 
Wayne Simmonds           0  0  0  -2  0   6  2  0  0  1  0/2    18:09   4:33   0:00 
Zach Bogosian            0  0  0  -1  0   2  1  2  4  0  0/0    28:34   5:50   1:23 

3 Stars

1 - Stefan Ruzicka (SJS)
2 - Jason Spezza (SJS)
3 - T.J. Hensick (SJS)

Power Play

Sharks - 1 on 2 Attempt(s) - 50.00%
Golden Knights - 1 on 6 Attempt(s) - 16.67%

Penalty Kill

Sharks - 5 on 6 Attempt(s) - 83.33% - Score 0 goal in Penalty Kill
Golden Knights - 1 on 2 Attempt(s) - 50.00% - Score 0 goal in Penalty Kill

Team Stat

Sharks - Hits : 21 - Faceoff Wins : 36 - Blocked Shots : 8 - Penalty Minutes : 12
Golden Knights - Hits : 23 - Faceoff Wins : 30 - Blocked Shots : 9 - Penalty Minutes : 4

Official

Referees : Unknown
Linesman : Unknown

Game Notes

No Game Note

Finance

Level 1 -- Attendance: 6000 (100.00%) -- Ticket Income $558,000
Level 2 -- Attendance: 4753 (95.06%) -- Ticket Income $280,427
Level 3 -- Attendance: 2000 (100.00%) -- Ticket Income $78,000
Level 4 -- Attendance: 4000 (100.00%) -- Ticket Income $108,000
Luxury Box -- Attendance: 944 (94.40%) -- Ticket Income $151,040
Game was played at the Duff Garden.
Total Attendance: 17697 (98.32%)
Total Ticket Income: $1,175,467
Other Income: $176,320
Total Income: $1,351,787

Sharks

5 vs 5 Forward 
   Center                   Left Wing                Right Wing               Time % Phy DF OF 
 1 Jason Spezza             Milan Michalek           Stefan Ruzicka           40     1   2  2  
 2 Brandon Dubinsky         Mike Cammalleri          Bobby Butler             30     1   2  2  
 3 T.J. Hensick             Oskar Osala              Martins Karsums          20     1   2  2  
 4 Luke Adam                Zach Boychuk             Jiri Tlusty              10     1   2  2  

5 vs 5 Defense 
   Defense                  Defense                                           Time % Phy DF OF 
 1 Drew Doughty             Dennis Wideman                                    40     1   2  2  
 2 Andrej Sekera            Adam Larsson                                      30     1   2  2  
 3 David Rundblad           Dennis Wideman                                    20     1   2  2  
 4 Drew Doughty             Tyler Cuma                                        10     1   2  2  

PowerPlay Forward 
   Center                   Left Wing                Right Wing               Time % Phy DF OF 
 1 Jason Spezza             Milan Michalek           Stefan Ruzicka           60     1   2  2  
 2 Brandon Dubinsky         Mike Cammalleri          Bobby Butler             40     1   2  2  

PowerPlay Defense
   Defense                  Defense                                           Time % Phy DF OF 
 1 Drew Doughty             Dennis Wideman                                    60     1   2  2  
 2 Tyler Cuma               Adam Larsson                                      40     1   2  2  

Penalty Kill 4 Players Forward 
   Center                   Wing                     Time % Phy DF OF 
 1 Jason Spezza             Milan Michalek           60     1   2  2  
 2 Mike Cammalleri          Brandon Dubinsky         40     1   2  2  

Penalty Kill 4 Players Defense
   Defense                  Defense                  Time % Phy DF OF 
 1 Drew Doughty             Dennis Wideman           60     1   2  2  
 2 Andrej Sekera            Adam Larsson             40     1   2  2  

Penalty Kill - 3 Players Forward 
   Forward                                           Time % Phy DF OF 
 1 Jason Spezza                                      60     1   2  2  
 2 Milan Michalek                                    40     1   2  2  

Penalty Kill - 3 Players Defense
   Defense                  Defense                  Time % Phy DF OF 
 1 Drew Doughty             Dennis Wideman           60     1   2  2  
 2 Andrej Sekera            Adam Larsson             40     1   2  2  

4 vs 4 Forward 
   Center                   Wing                     Time % Phy DF OF 
 1 Jason Spezza             Milan Michalek           60     1   2  2  
 2 Mike Cammalleri          Brandon Dubinsky         40     1   2  2  

4 vs 4 Defense
   Defense                  Defense                  Time % Phy DF OF 
 1 Drew Doughty             Dennis Wideman           60     1   2  2  
 2 Andrej Sekera            Adam Larsson             40     1   2  2  

Last Minutes Offensive
   Center                   Left Wing                Right Wing               Defense                  Defense                  
   Jason Spezza             Milan Michalek           Stefan Ruzicka           Drew Doughty             Tyler Cuma               

Last Minutes Defensive
   Center                   Left Wing                Right Wing               Defense                  Defense                  
   Jason Spezza             Milan Michalek           Stefan Ruzicka           Drew Doughty             Dennis Wideman           

Goaltenders
Starting : Ryan Miller              
Backup : Anders Nilsson           

Extra Forwards
Normal : Oskar Osala, T.J. Hensick, Zach Boychuk - PP : Oskar Osala, T.J. Hensick - PK : Zach Boychuk
Extra Defensemen
Normal : David Rundblad, Tyler Cuma, Andrej Sekera - PP : David Rundblad - PK : Tyler Cuma, Andrej Sekera
Penalty Shots
Jason Spezza, Milan Michalek, Mike Cammalleri, Brandon Dubinsky, Oskar Osala

Scratches
Paul Ranger (Healthy), Nikolai Kulemin (Healthy)

Golden Knights

5 vs 5 Forward 
   Center                   Left Wing                Right Wing               Time % Phy DF OF 
 1 Matt Stajan              Ilya Kovalchuk           Michael Frolik           40     1   2  2  
 2 Andrei Loktionov         Chris Higgins            Wayne Simmonds           30     1   2  2  
 3 Maxim Lapierre           Alex Tanguay             Steve Bernier            20     1   2  2  
 4 Patrice Cormier          Brandon Bollig           Damien Brunner           10     1   2  2  

5 vs 5 Defense 
   Defense                  Defense                                           Time % Phy DF OF 
 1 Zach Bogosian            Jared Cowen                                       40     1   2  2  
 2 Ole-Kristian Tollefsen   Michael Kostka                                    30     1   2  2  
 3 Vladimir Mihalik         Mathew Dumba                                      20     1   2  2  
 4 Zach Bogosian            Jared Cowen                                       10     1   2  2  

PowerPlay Forward 
   Center                   Left Wing                Right Wing               Time % Phy DF OF 
 1 Matt Stajan              Ilya Kovalchuk           Michael Frolik           60     1   2  2  
 2 Andrei Loktionov         Chris Higgins            Wayne Simmonds           40     1   2  2  

PowerPlay Defense
   Defense                  Defense                                           Time % Phy DF OF 
 1 Zach Bogosian            Jared Cowen                                       60     1   2  2  
 2 Ole-Kristian Tollefsen   Michael Kostka                                    40     1   2  2  

Penalty Kill 4 Players Forward 
   Center                   Wing                     Time % Phy DF OF 
 1 Ilya Kovalchuk           Matt Stajan              60     1   2  2  
 2 Michael Frolik           Andrei Loktionov         40     1   2  2  

Penalty Kill 4 Players Defense
   Defense                  Defense                  Time % Phy DF OF 
 1 Zach Bogosian            Jared Cowen              60     1   2  2  
 2 Ole-Kristian Tollefsen   Michael Kostka           40     1   2  2  

Penalty Kill - 3 Players Forward 
   Forward                                           Time % Phy DF OF 
 1 Ilya Kovalchuk                                    60     1   2  2  
 2 Matt Stajan                                       40     1   2  2  

Penalty Kill - 3 Players Defense
   Defense                  Defense                  Time % Phy DF OF 
 1 Zach Bogosian            Jared Cowen              60     1   2  2  
 2 Ole-Kristian Tollefsen   Michael Kostka           40     1   2  2  

4 vs 4 Forward 
   Center                   Wing                     Time % Phy DF OF 
 1 Ilya Kovalchuk           Matt Stajan              60     1   2  2  
 2 Michael Frolik           Andrei Loktionov         40     1   2  2  

4 vs 4 Defense
   Defense                  Defense                  Time % Phy DF OF 
 1 Zach Bogosian            Jared Cowen              60     1   2  2  
 2 Ole-Kristian Tollefsen   Michael Kostka           40     1   2  2  

Last Minutes Offensive
   Center                   Left Wing                Right Wing               Defense                  Defense                  
   Matt Stajan              Ilya Kovalchuk           Michael Frolik           Zach Bogosian            Jared Cowen              

Last Minutes Defensive
   Center                   Left Wing                Right Wing               Defense                  Defense                  
   Matt Stajan              Ilya Kovalchuk           Michael Frolik           Zach Bogosian            Jared Cowen              

Goaltenders
Starting : Robin Lehner             
Backup : Matt Hackett             

Extra Forwards
Normal : Alex Tanguay, Maxim Lapierre, Steve Bernier - PP : Alex Tanguay, Maxim Lapierre - PK : Steve Bernier
Extra Defensemen
Normal : Vladimir Mihalik, Mathew Dumba, Ole-Kristian Tollefsen - PP : Vladimir Mihalik - PK : Mathew Dumba, Ole-Kristian Tollefsen
Penalty Shots
Ilya Kovalchuk, Matt Stajan, Michael Frolik, Andrei Loktionov, Wayne Simmonds

Scratches
None


% Time on Ice - Sharks

Lines # - Real PCT - Wanted PCT - Time Play
Normal Forward
1 - 34% - 40% - 15:52
2 - 27% - 30% - 12:29
3 - 26% - 20% - 12:08
4 - 14% - 10% - 6:21
Normal Defense
1 - 35% - 40% - 16:27
2 - 42% - 30% - 19:45
3 - 14% - 20% - 6:46
4 - 8% - 10% - 3:52
PP Forward
1 - 57% - 60% - 1:18
2 - 43% - 40% - 0:58
PP Defense
1 - 63% - 60% - 1:26
2 - 37% - 40% - 0:50
PK Forward
1 - 71% - 60% - 7:44
2 - 29% - 40% - 3:10
PK Defense
1 - 60% - 60% - 6:31
2 - 40% - 40% - 4:23
PK3 Forward
1 - 0% - 60%
2 - 0% - 40%
PK3 Defense
1 - 0% - 60%
2 - 0% - 40%
44 Forward
1 - 0% - 60%
2 - 0% - 40%
44 Defense
1 - 0% - 60%
2 - 0% - 40%
Last Minute Offensive  - 0:00
Last Minute Defensive  - 0:00
Total
Forward - 60:00
Defense - 60:00

% Time on Ice - Golden Knights

Lines # - Real PCT - Wanted PCT - Time Play
Normal Forward
1 - 34% - 40% - 15:53
2 - 28% - 30% - 13:16
3 - 22% - 20% - 10:09
4 - 16% - 10% - 7:32
Normal Defense
1 - 41% - 40% - 19:07
2 - 31% - 30% - 14:29
3 - 23% - 20% - 11:00
4 - 5% - 10% - 2:14
PP Forward
1 - 58% - 60% - 6:21
2 - 42% - 40% - 4:33
PP Defense
1 - 54% - 60% - 5:50
2 - 46% - 40% - 5:04
PK Forward
1 - 75% - 60% - 1:42
2 - 25% - 40% - 0:34
PK Defense
1 - 61% - 60% - 1:23
2 - 39% - 40% - 0:53
PK3 Forward
1 - 0% - 60%
2 - 0% - 40%
PK3 Defense
1 - 0% - 60%
2 - 0% - 40%
44 Forward
1 - 0% - 60%
2 - 0% - 40%
44 Defense
1 - 0% - 60%
2 - 0% - 40%
Last Minute Offensive  - 0:00
Last Minute Defensive  - 0:00
Total
Forward - 60:00
Defense - 60:00

Play-by-Play

1st period


0:01 of 1st period - Jason Spezza wins face-off versus Matt Stajan in neutral zone.
0:51 of 1st period - Adam Larsson is hit by Chris Higgins and loses puck.
1:35 of 1st period - Slapshot by Milan Michalek.
1:35 of 1st period - Stopped by Robin Lehner with a rebound.
1:37 of 1st period - Slapshot by Milan Michalek.
1:37 of 1st period - Shot Misses the Net.
1:39 of 1st period - Wrist shot by Stefan Ruzicka.
1:39 of 1st period - Deflect By Jason Spezza.
1:39 of 1st period - Stopped by Robin Lehner without a rebound.
1:40 of 1st period - Jason Spezza wins face-off versus Andrei Loktionov in Golden Knights zone.
1:43 of 1st period - Snap shot by Jason Spezza.
1:43 of 1st period - Shot Misses the Net.
2:05 of 1st period - David Rundblad is hit by Maxim Lapierre and loses puck.
2:48 of 1st period - Vladimir Mihalik is hit by Jiri Tlusty and loses puck.
3:13 of 1st period - Slapshot by Wayne Simmonds.
3:13 of 1st period - Shot Blocked by Stefan Ruzicka.
4:16 of 1st period - Brandon Bollig is hit by Zach Boychuk and loses puck.
4:53 of 1st period - Steve Bernier is hit by Bobby Butler.
5:03 of 1st period - Snap shot by Brandon Dubinsky.
5:03 of 1st period - Stopped by Robin Lehner without a rebound.
5:04 of 1st period - T.J. Hensick wins face-off versus Matt Stajan in Golden Knights zone.
5:05 of 1st period - Wrist shot by Oskar Osala.
5:05 of 1st period - Stopped by Robin Lehner with a rebound.
5:09 of 1st period - Snap shot by Oskar Osala.
5:09 of 1st period - Shot Misses the Net.
5:11 of 1st period - Slapshot by Adam Larsson.
5:11 of 1st period - Stopped by Robin Lehner without a rebound.
5:12 of 1st period - T.J. Hensick wins face-off versus Matt Stajan in Golden Knights zone.
5:41 of 1st period - Wrist shot by Ilya Kovalchuk.
5:41 of 1st period - Deflect By Andrej Sekera.
5:41 of 1st period - Stopped by Ryan Miller with a rebound.
5:45 of 1st period - Snap shot by Chris Higgins.
5:45 of 1st period - Shot Misses the Net.
5:47 of 1st period - Wrist shot by Ole-Kristian Tollefsen.
5:47 of 1st period - Shot Blocked by Adam Larsson.
6:29 of 1st period - Snap shot by Zach Boychuk.
6:29 of 1st period - Shot Blocked by Zach Bogosian.
6:49 of 1st period - Wrist shot by Michael Frolik.
6:49 of 1st period - Shot Misses the Net.
7:11 of 1st period - Snap shot by Wayne Simmonds.
7:11 of 1st period - Stopped by Ryan Miller with a rebound.
7:23 of 1st period - Mathew Dumba is hit by Brandon Dubinsky and loses puck.
7:36 of 1st period - Slapshot by Drew Doughty.
7:36 of 1st period - Deflect By Brandon Dubinsky.
7:36 of 1st period - Shot Blocked by Brandon Bollig.
7:36 of 1st period - Puck is out of play.
7:37 of 1st period - Patrice Cormier wins face-off versus Jason Spezza in Golden Knights zone.
8:18 of 1st period - Slapshot by Ilya Kovalchuk.
8:18 of 1st period - Stopped by Ryan Miller without a rebound.
8:19 of 1st period - Jason Spezza wins face-off versus Chris Higgins in Sharks zone.
8:32 of 1st period - Snap shot by Andrei Loktionov.
8:32 of 1st period - Deflect By Chris Higgins.
8:32 of 1st period - Shot Misses the Net.
8:32 of 1st period - Puck is out of play.
8:33 of 1st period - Matt Stajan wins face-off versus Jason Spezza in Sharks zone.
8:42 of 1st period - Slapshot by Ilya Kovalchuk.
8:42 of 1st period - Shot Misses the Net.
8:44 of 1st period - Snap shot by Matt Stajan.
8:44 of 1st period - Shot Misses the Net.
8:46 of 1st period - Wrist shot by Zach Bogosian.
8:46 of 1st period - Stopped by Ryan Miller with a rebound.
8:48 of 1st period - Wrist shot by Ilya Kovalchuk.
8:48 of 1st period - Stopped by Ryan Miller without a rebound.
8:49 of 1st period - Brandon Dubinsky wins face-off versus Andrei Loktionov in Sharks zone.
8:56 of 1st period - Snap shot by Brandon Dubinsky.
8:56 of 1st period - Stopped by Robin Lehner with a rebound.
9:21 of 1st period - Snap shot by Drew Doughty.
9:21 of 1st period - Deflect By Michael Frolik.
9:21 of 1st period - Stopped by Robin Lehner without a rebound.
9:22 of 1st period - Matt Stajan wins face-off versus Jason Spezza in Golden Knights zone.
9:31 of 1st period - Michael Kostka is hit by Stefan Ruzicka and loses puck.
10:08 of 1st period - Slapshot by Brandon Dubinsky.
10:08 of 1st period - Shot Blocked by Jared Cowen.
10:10 of 1st period - Slapshot by Martins Karsums.
10:10 of 1st period - Stopped by Robin Lehner without a rebound.
10:11 of 1st period - T.J. Hensick wins face-off versus Maxim Lapierre in Golden Knights zone.
10:14 of 1st period - Wrist shot by Oskar Osala.
10:14 of 1st period - Shot Misses the Net.
11:01 of 1st period - Snap shot by Wayne Simmonds.
11:01 of 1st period - Stopped by Ryan Miller with a rebound.
11:07 of 1st period - Backhand shot by Wayne Simmonds.
11:07 of 1st period - Stopped by Ryan Miller without a rebound.
11:08 of 1st period - Milan Michalek wins face-off versus Matt Stajan in Sharks zone.
11:35 of 1st period - Dennis Wideman is hit by Wayne Simmonds.
11:41 of 1st period - Snap shot by Andrei Loktionov.
11:41 of 1st period - Stopped by Ryan Miller without a rebound.
11:42 of 1st period - Brandon Dubinsky wins face-off versus Andrei Loktionov in Sharks zone.
11:49 of 1st period - Wrist shot by Brandon Dubinsky.
11:49 of 1st period - Stopped by Robin Lehner with a rebound.
11:51 of 1st period - Snap shot by Mike Cammalleri.
11:51 of 1st period - Shot Misses the Net.
12:07 of 1st period - Slapshot by Drew Doughty.
12:07 of 1st period - Shot Misses the Net.
12:35 of 1st period - Slapshot by Drew Doughty.
12:35 of 1st period - Stopped by Robin Lehner without a rebound.
12:36 of 1st period - Patrice Cormier wins face-off versus T.J. Hensick in Golden Knights zone.
12:47 of 1st period - T.J. Hensick is hit by Brandon Bollig and loses puck.
12:58 of 1st period - Snap shot by Patrice Cormier.
12:58 of 1st period - Shot Blocked by Oskar Osala.
13:04 of 1st period - Patrice Cormier is hit by T.J. Hensick and loses puck.
14:21 of 1st period - Slapshot by Damien Brunner.
14:21 of 1st period - Stopped by Ryan Miller with a rebound.
14:59 of 1st period - Wrist shot by T.J. Hensick.
14:59 of 1st period - Stopped by Robin Lehner without a rebound.
15:00 of 1st period - Stefan Ruzicka wins face-off versus Matt Stajan in Golden Knights zone.
15:01 of 1st period - Snap shot by Jason Spezza.
15:01 of 1st period - Stopped by Robin Lehner without a rebound.
15:02 of 1st period - Jason Spezza wins face-off versus Matt Stajan in Golden Knights zone.
15:13 of 1st period - Wrist shot by Milan Michalek.
15:13 of 1st period - Deflect By Jason Spezza.
15:13 of 1st period - Stopped by Robin Lehner without a rebound.
15:14 of 1st period - Matt Stajan wins face-off versus Jason Spezza in Golden Knights zone.
15:25 of 1st period - Slapshot by Drew Doughty.
15:25 of 1st period - Deflect By Milan Michalek.
15:25 of 1st period - Stopped by Robin Lehner without a rebound.
15:26 of 1st period - Brandon Dubinsky wins face-off versus Matt Stajan in Golden Knights zone.
15:51 of 1st period - Zach Bogosian is hit by Drew Doughty and loses puck.
16:01 of 1st period - Minor Penalty to Dennis Wideman for Tripping.
16:02 of 1st period - Matt Stajan wins face-off versus Jason Spezza in Sharks zone.
18:01 of 1st period - Penalty to Dennis Wideman is over, Dennis Wideman is back on ice.
18:27 of 1st period - Wrist shot by Oskar Osala.
18:27 of 1st period - Shot Misses the Net.
18:55 of 1st period - Snap shot by Maxim Lapierre.
18:55 of 1st period - Shot Misses the Net.
19:21 of 1st period - Snap shot by Andrei Loktionov.
19:21 of 1st period - Stopped by Ryan Miller without a rebound.
19:22 of 1st period - Jason Spezza wins face-off versus Andrei Loktionov in Sharks zone.
19:49 of 1st period - Michael Frolik is hit by Adam Larsson and loses puck.
19:56 of 1st period - Adam Larsson is hit by Michael Frolik and loses puck.
Goals for this period are 0 for Sharks vs 0 for Golden Knights.
Shots for this period are 14 for Sharks vs 10 for Golden Knights.

2nd period


0:01 of 2nd period - Matt Stajan wins face-off versus Mike Cammalleri in neutral zone.
0:16 of 2nd period - Slapshot by Ilya Kovalchuk.
0:16 of 2nd period - Shot Misses the Net.
0:34 of 2nd period - Snap shot by Zach Boychuk.
0:34 of 2nd period - Stopped by Robin Lehner with a rebound.
0:36 of 2nd period - Slapshot by Adam Larsson.
0:36 of 2nd period - Stopped by Robin Lehner with a rebound.
0:38 of 2nd period - Snap shot by Luke Adam.
0:38 of 2nd period - Stopped by Robin Lehner without a rebound.
0:39 of 2nd period - Andrei Loktionov wins face-off versus Luke Adam in Golden Knights zone.
0:41 of 2nd period - Minor Penalty to Andrei Loktionov for High sticking.
0:42 of 2nd period - Ilya Kovalchuk wins face-off versus Milan Michalek in Golden Knights zone.
0:51 of 2nd period - Zach Bogosian is hit by Drew Doughty and loses puck.
0:56 of 2nd period - Slapshot by Drew Doughty.
0:56 of 2nd period - Shot Blocked by Zach Bogosian.
0:58 of 2nd period - Slapshot by Dennis Wideman.
0:58 of 2nd period - Deflect By Ilya Kovalchuk.
0:58 of 2nd period - Goal by Dennis Wideman - Sharks : 1 - Golden Knights : 0.
0:59 of 2nd period - Matt Stajan wins face-off versus Milan Michalek in neutral zone.
1:09 of 2nd period - Slapshot by Michael Frolik.
1:09 of 2nd period - Shot Misses the Net.
1:11 of 2nd period - Wrist shot by Jared Cowen.
1:11 of 2nd period - Stopped by Ryan Miller with a rebound.
1:25 of 2nd period - Drew Doughty is hit by Zach Bogosian and loses puck.
1:36 of 2nd period - Wrist shot by Brandon Dubinsky.
1:36 of 2nd period - Shot Misses the Net.
1:52 of 2nd period - Snap shot by Alex Tanguay.
1:52 of 2nd period - Shot Misses the Net.
2:12 of 2nd period - Snap shot by T.J. Hensick.
2:12 of 2nd period - Stopped by Robin Lehner without a rebound.
2:13 of 2nd period - T.J. Hensick wins face-off versus Andrei Loktionov in Golden Knights zone.
2:22 of 2nd period - T.J. Hensick is hit by Vladimir Mihalik and loses puck.
2:37 of 2nd period - Martins Karsums is hit by Vladimir Mihalik and loses puck.
2:44 of 2nd period - Snap shot by Wayne Simmonds.
2:44 of 2nd period - Shot Misses the Net.
2:46 of 2nd period - Snap shot by Andrei Loktionov.
2:46 of 2nd period - Stopped by Ryan Miller with a rebound.
2:52 of 2nd period - Snap shot by Andrei Loktionov.
2:52 of 2nd period - Shot Misses the Net.
2:54 of 2nd period - Wrist shot by Vladimir Mihalik.
2:54 of 2nd period - Stopped by Ryan Miller with a rebound.
2:56 of 2nd period - Slapshot by Wayne Simmonds.
2:56 of 2nd period - Shot Blocked by T.J. Hensick.
2:58 of 2nd period - Snap shot by Wayne Simmonds.
2:58 of 2nd period - Shot Blocked by Drew Doughty.
3:00 of 2nd period - Backhand shot by Andrei Loktionov.
3:00 of 2nd period - Shot Blocked by Martins Karsums.
3:02 of 2nd period - Slapshot by Vladimir Mihalik.
3:02 of 2nd period - Stopped by Ryan Miller without a rebound.
3:03 of 2nd period - Matt Stajan wins face-off versus Jason Spezza in Sharks zone.
3:11 of 2nd period - Minor Penalty to Andrej Sekera for Cross-checking.
3:12 of 2nd period - Matt Stajan wins face-off versus Jason Spezza in Sharks zone.
3:48 of 2nd period - Slapshot by Drew Doughty.
3:48 of 2nd period - Deflect By Brandon Dubinsky.
3:48 of 2nd period - Shot Misses the Net.
3:48 of 2nd period - Puck is out of play.
3:49 of 2nd period - Jason Spezza wins face-off versus Matt Stajan in Golden Knights zone.
4:14 of 2nd period - Mike Cammalleri is hit by Chris Higgins and loses puck.
5:11 of 2nd period - Penalty to Andrej Sekera is over, Andrej Sekera is back on ice.
5:57 of 2nd period - Zach Boychuk is hit by Matt Stajan and loses puck.
7:09 of 2nd period - Snap shot by Michael Frolik.
7:09 of 2nd period - Deflect By Matt Stajan.
7:09 of 2nd period - Stopped by Ryan Miller with a rebound.
7:11 of 2nd period - Slapshot by Mathew Dumba.
7:11 of 2nd period - Shot Blocked by Stefan Ruzicka.
7:13 of 2nd period - Slapshot by Matt Stajan.
7:13 of 2nd period - Stopped by Ryan Miller without a rebound.
7:14 of 2nd period - Jason Spezza wins face-off versus Andrei Loktionov in Sharks zone.
7:21 of 2nd period - Andrei Loktionov is hit by Milan Michalek and loses puck.
7:47 of 2nd period - Off-side.
7:48 of 2nd period - Stefan Ruzicka wins face-off versus Andrei Loktionov in neutral zone.
8:13 of 2nd period - Matt Stajan is hit by Jiri Tlusty.
9:21 of 2nd period - Wrist shot by Chris Higgins.
9:21 of 2nd period - Stopped by Ryan Miller without a rebound.
9:22 of 2nd period - T.J. Hensick wins face-off versus Matt Stajan in Sharks zone.
9:24 of 2nd period - Icing by Drew Doughty.
9:25 of 2nd period - Matt Stajan wins face-off versus T.J. Hensick in Sharks zone.
9:36 of 2nd period - Slapshot by Zach Bogosian.
9:36 of 2nd period - Deflect By Ilya Kovalchuk.
9:36 of 2nd period - Shot Misses the Net.
9:36 of 2nd period - Puck is out of play.
9:37 of 2nd period - Matt Stajan wins face-off versus Jason Spezza in Sharks zone.
9:38 of 2nd period - Slapshot by Ilya Kovalchuk.
9:38 of 2nd period - Deflect By Michael Frolik.
9:38 of 2nd period - Shot Misses the Net.
9:38 of 2nd period - Puck is out of play.
9:39 of 2nd period - Jason Spezza wins face-off versus Ilya Kovalchuk in Sharks zone.
9:50 of 2nd period - Slapshot by Milan Michalek.
9:50 of 2nd period - Shot Misses the Net.
10:10 of 2nd period - Backhand shot by Andrei Loktionov.
10:10 of 2nd period - Stopped by Ryan Miller with a rebound.
10:12 of 2nd period - Snap shot by Chris Higgins.
10:12 of 2nd period - Goal by Chris Higgins - Sharks : 1 - Golden Knights : 1.
10:13 of 2nd period - Jason Spezza wins face-off versus Matt Stajan in neutral zone.
10:40 of 2nd period - Mike Cammalleri is hit by Andrei Loktionov and loses puck.
10:59 of 2nd period - Andrej Sekera is hit by Alex Tanguay and loses puck.
11:10 of 2nd period - Slapshot by Zach Bogosian.
11:10 of 2nd period - Deflect By Adam Larsson.
11:10 of 2nd period - Stopped by Ryan Miller with a rebound.
11:15 of 2nd period - Minor Penalty to Luke Adam for Hooking.
11:16 of 2nd period - Matt Stajan wins face-off versus Jason Spezza in Sharks zone.
11:22 of 2nd period - Wrist shot by Ilya Kovalchuk.
11:22 of 2nd period - Shot Blocked by Dennis Wideman.
11:24 of 2nd period - Slapshot by Michael Kostka.
11:24 of 2nd period - Shot Misses the Net.
12:04 of 2nd period - Snap shot by Michael Frolik.
12:04 of 2nd period - Shot Misses the Net.
12:06 of 2nd period - Slapshot by Ole-Kristian Tollefsen.
12:06 of 2nd period - Shot Misses the Net.
12:08 of 2nd period - Wrist shot by Matt Stajan.
12:08 of 2nd period - Shot Misses the Net.
12:10 of 2nd period - Snap shot by Matt Stajan.
12:10 of 2nd period - Shot Misses the Net.
12:12 of 2nd period - Wrist shot by Ilya Kovalchuk.
12:12 of 2nd period - Shot Misses the Net.
12:14 of 2nd period - Snap shot by Michael Frolik.
12:14 of 2nd period - Goal by Michael Frolik - Sharks : 1 - Golden Knights : 2.
12:15 of 2nd period - Andrei Loktionov wins face-off versus Jason Spezza in neutral zone.
13:05 of 2nd period - Michael Kostka is hit by Oskar Osala and loses puck.
13:12 of 2nd period - Martins Karsums is hit by Brandon Bollig and loses puck.
13:20 of 2nd period - Icing by Oskar Osala.
13:21 of 2nd period - Matt Stajan wins face-off versus Luke Adam in Sharks zone.
13:58 of 2nd period - Snap shot by Andrei Loktionov.
13:58 of 2nd period - Stopped by Ryan Miller with a rebound.
14:24 of 2nd period - Slapshot by Wayne Simmonds.
14:24 of 2nd period - Shot Misses the Net.
14:38 of 2nd period - Backhand shot by Drew Doughty.
14:38 of 2nd period - Deflect By Wayne Simmonds.
14:38 of 2nd period - Stopped by Robin Lehner without a rebound.
14:39 of 2nd period - Matt Stajan wins face-off versus Bobby Butler in Golden Knights zone.
15:09 of 2nd period - Slapshot by Alex Tanguay.
15:09 of 2nd period - Shot Misses the Net.
15:29 of 2nd period - Martins Karsums is hit by Michael Kostka and loses puck.
16:14 of 2nd period - Brandon Dubinsky is hit by Chris Higgins and loses puck.
17:08 of 2nd period - Slapshot by Adam Larsson.
17:08 of 2nd period - Shot Misses the Net.
17:10 of 2nd period - Backhand shot by Adam Larsson.
17:10 of 2nd period - Deflect By Mike Cammalleri.
17:10 of 2nd period - Shot Misses the Net.
17:10 of 2nd period - Puck is out of play.
17:11 of 2nd period - Andrei Loktionov wins face-off versus Jason Spezza in Golden Knights zone.
17:22 of 2nd period - Slapshot by Chris Higgins.
17:22 of 2nd period - Shot Misses the Net.
17:24 of 2nd period - Slapshot by Jared Cowen.
17:24 of 2nd period - Stopped by Ryan Miller without a rebound.
17:25 of 2nd period - Jason Spezza wins face-off versus Matt Stajan in Sharks zone.
18:28 of 2nd period - T.J. Hensick is hit by Steve Bernier and loses puck.
18:39 of 2nd period - Slapshot by Andrej Sekera.
18:39 of 2nd period - Shot Blocked by Vladimir Mihalik.
19:05 of 2nd period - Snap shot by Wayne Simmonds.
19:05 of 2nd period - Stopped by Ryan Miller with a rebound.
19:07 of 2nd period - Slapshot by Mathew Dumba.
19:07 of 2nd period - Stopped by Ryan Miller with a rebound.
19:09 of 2nd period - Wrist shot by Wayne Simmonds.
19:09 of 2nd period - Stopped by Ryan Miller without a rebound.
19:10 of 2nd period - Milan Michalek wins face-off versus Maxim Lapierre in Sharks zone.
19:10 of 2nd period - Milan Michalek is hit by Steve Bernier.
19:18 of 2nd period - Zach Bogosian is hit by Stefan Ruzicka and loses puck.
19:39 of 2nd period - Wrist shot by Mike Cammalleri.
19:39 of 2nd period - Stopped by Robin Lehner without a rebound.
19:40 of 2nd period - Bobby Butler wins face-off versus Matt Stajan in Golden Knights zone.
19:43 of 2nd period - Snap shot by Brandon Dubinsky.
19:43 of 2nd period - Shot Blocked by Ole-Kristian Tollefsen.
19:50 of 2nd period - Off-side.
19:51 of 2nd period - Jason Spezza wins face-off versus Matt Stajan in neutral zone.
Goals for this period are 1 for Sharks vs 2 for Golden Knights.
Shots for this period are 7 for Sharks vs 16 for Golden Knights.

3rd period


0:01 of 3rd period - Matt Stajan wins face-off versus Jason Spezza in neutral zone.
0:26 of 3rd period - Brandon Dubinsky is hit by Steve Bernier and loses puck.
0:53 of 3rd period - Snap shot by Drew Doughty.
0:53 of 3rd period - Shot Misses the Net.
2:21 of 3rd period - Chris Higgins is hit by Martins Karsums and loses puck.
2:32 of 3rd period - Snap shot by Jason Spezza.
2:32 of 3rd period - Shot Misses the Net.
2:34 of 3rd period - Slapshot by Jason Spezza.
2:34 of 3rd period - Goal by Jason Spezza - Sharks : 2 - Golden Knights : 2.
2:35 of 3rd period - Jason Spezza wins face-off versus Matt Stajan in neutral zone.
2:49 of 3rd period - Wrist shot by Milan Michalek.
2:49 of 3rd period - Stopped by Robin Lehner without a rebound.
2:50 of 3rd period - Mike Cammalleri wins face-off versus Wayne Simmonds in Golden Knights zone.
3:04 of 3rd period - Minor Penalty to Adam Larsson for Holding.
3:05 of 3rd period - Jason Spezza wins face-off versus Matt Stajan in Sharks zone.
3:32 of 3rd period - Dennis Wideman is hit by Wayne Simmonds and loses puck.
4:28 of 3rd period - Zach Bogosian is hit by Tyler Cuma and loses puck.
4:32 of 3rd period - Icing by Matt Stajan.
4:33 of 3rd period - Zach Boychuk wins face-off versus Matt Stajan in Golden Knights zone.
4:48 of 3rd period - Wrist shot by Wayne Simmonds.
4:48 of 3rd period - Shot Misses the Net.
4:50 of 3rd period - Slapshot by Jared Cowen.
4:50 of 3rd period - Stopped by Ryan Miller without a rebound.
4:51 of 3rd period - Andrei Loktionov wins face-off versus Jason Spezza in Sharks zone.
5:03 of 3rd period - Icing by Andrei Loktionov.
5:04 of 3rd period - Penalty to Adam Larsson is over, Adam Larsson is back on ice.
5:04 of 3rd period - Matt Stajan wins face-off versus Brandon Dubinsky in Golden Knights zone.
5:04 of 3rd period - Matt Stajan is hit by Bobby Butler.
5:07 of 3rd period - Michael Frolik is hit by Brandon Dubinsky and loses puck.
5:18 of 3rd period - Slapshot by Dennis Wideman.
5:18 of 3rd period - Stopped by Robin Lehner without a rebound.
5:19 of 3rd period - Jason Spezza wins face-off versus Wayne Simmonds in Golden Knights zone.
5:20 of 3rd period - Snap shot by Stefan Ruzicka.
5:20 of 3rd period - Shot Misses the Net.
5:36 of 3rd period - Snap shot by Andrei Loktionov.
5:36 of 3rd period - Stopped by Ryan Miller with a rebound.
6:23 of 3rd period - Minor Penalty to Oskar Osala for Tripping.
6:24 of 3rd period - Ilya Kovalchuk wins face-off versus Jason Spezza in Sharks zone.
6:25 of 3rd period - Snap shot by Michael Frolik.
6:25 of 3rd period - Stopped by Ryan Miller with a rebound.
6:51 of 3rd period - Zach Bogosian is hit by Brandon Dubinsky and loses puck.
7:01 of 3rd period - Off-side.
7:02 of 3rd period - Matt Stajan wins face-off versus Jason Spezza in neutral zone.
7:36 of 3rd period - Snap shot by Chris Higgins.
7:36 of 3rd period - Stopped by Ryan Miller with a rebound.
7:38 of 3rd period - Backhand shot by Ole-Kristian Tollefsen.
7:38 of 3rd period - Stopped by Ryan Miller with a rebound.
7:50 of 3rd period - Wrist shot by Brandon Dubinsky.
7:50 of 3rd period - Stopped by Robin Lehner without a rebound.
7:51 of 3rd period - Matt Stajan wins face-off versus Mike Cammalleri in Golden Knights zone.
8:23 of 3rd period - Penalty to Oskar Osala is over, Oskar Osala is back on ice.
8:39 of 3rd period - Wrist shot by Zach Boychuk.
8:39 of 3rd period - Stopped by Robin Lehner without a rebound.
8:40 of 3rd period - Luke Adam wins face-off versus Matt Stajan in Golden Knights zone.
9:09 of 3rd period - Slapshot by Drew Doughty.
9:09 of 3rd period - Shot Misses the Net.
9:11 of 3rd period - Snap shot by Stefan Ruzicka.
9:11 of 3rd period - Goal by Stefan Ruzicka - Sharks : 3 - Golden Knights : 2.
9:12 of 3rd period - Matt Stajan wins face-off versus Jason Spezza in neutral zone.
9:25 of 3rd period - Wrist shot by Michael Frolik.
9:25 of 3rd period - Shot Misses the Net.
9:50 of 3rd period - Wrist shot by Brandon Dubinsky.
9:50 of 3rd period - Shot Blocked by Michael Kostka.
10:08 of 3rd period - Icing by Dennis Wideman.
10:09 of 3rd period - T.J. Hensick wins face-off versus Matt Stajan in Sharks zone.
10:43 of 3rd period - Jared Cowen is hit by Martins Karsums and loses puck.
11:13 of 3rd period - Chris Higgins is hit by Jason Spezza and loses puck.
11:24 of 3rd period - Slapshot by Wayne Simmonds.
11:24 of 3rd period - Stopped by Ryan Miller without a rebound.
11:24 of 3rd period - Minor Penalty to Ryan Miller for Slashing.
11:25 of 3rd period - Jason Spezza wins face-off versus Matt Stajan in Sharks zone.
11:58 of 3rd period - Snap shot by Andrei Loktionov.
11:58 of 3rd period - Shot Misses the Net.
12:00 of 3rd period - Snap shot by Chris Higgins.
12:00 of 3rd period - Shot Misses the Net.
12:02 of 3rd period - Snap shot by Andrei Loktionov.
12:02 of 3rd period - Stopped by Ryan Miller without a rebound.
12:03 of 3rd period - Matt Stajan wins face-off versus Jason Spezza in Sharks zone.
12:14 of 3rd period - Snap shot by Ilya Kovalchuk.
12:14 of 3rd period - Stopped by Ryan Miller without a rebound.
12:15 of 3rd period - Jason Spezza wins face-off versus Matt Stajan in Sharks zone.
13:24 of 3rd period - Penalty to Dennis Wideman is over, Dennis Wideman is back on ice.
13:34 of 3rd period - Backhand shot by Adam Larsson.
13:34 of 3rd period - Deflect By Zach Boychuk.
13:34 of 3rd period - Shot Misses the Net.
13:34 of 3rd period - Puck is out of play.
13:35 of 3rd period - Brandon Dubinsky wins face-off versus Maxim Lapierre in Golden Knights zone.
13:36 of 3rd period - Slapshot by Mike Cammalleri.
13:36 of 3rd period - Stopped by Robin Lehner without a rebound.
13:37 of 3rd period - Brandon Dubinsky wins face-off versus Maxim Lapierre in Golden Knights zone.
13:46 of 3rd period - Wrist shot by Brandon Dubinsky.
13:46 of 3rd period - Stopped by Robin Lehner with a rebound.
13:48 of 3rd period - Wrist shot by Brandon Dubinsky.
13:48 of 3rd period - Stopped by Robin Lehner without a rebound.
13:49 of 3rd period - Matt Stajan wins face-off versus Jason Spezza in Golden Knights zone.
15:01 of 3rd period - Slapshot by T.J. Hensick.
15:01 of 3rd period - Shot Misses the Net.
15:03 of 3rd period - Wrist shot by Luke Adam.
15:03 of 3rd period - Shot Misses the Net.
15:05 of 3rd period - Slapshot by Luke Adam.
15:05 of 3rd period - Shot Blocked by Damien Brunner.
15:07 of 3rd period - Slapshot by Zach Boychuk.
15:07 of 3rd period - Shot Blocked by Michael Kostka.
15:15 of 3rd period - Minor Penalty to Brandon Bollig for Cross-checking.
15:16 of 3rd period - Ilya Kovalchuk wins face-off versus Jason Spezza in Golden Knights zone.
15:41 of 3rd period - Drew Doughty is hit by Matt Stajan and loses puck.
16:04 of 3rd period - Steve Bernier is hit by Tyler Cuma.
16:52 of 3rd period - Jason Spezza is hit by Andrei Loktionov and loses puck.
17:15 of 3rd period - Penalty to Brandon Bollig is over, Brandon Bollig is back on ice.
17:24 of 3rd period - Snap shot by T.J. Hensick.
17:24 of 3rd period - Goal by T.J. Hensick - Sharks : 4 - Golden Knights : 2.
17:25 of 3rd period - T.J. Hensick wins face-off versus Maxim Lapierre in neutral zone.
17:54 of 3rd period - Bobby Butler is hit by Maxim Lapierre and loses puck.
18:25 of 3rd period - Slapshot by Andrej Sekera.
18:25 of 3rd period - Deflect By Jared Cowen.
18:25 of 3rd period - Stopped by Robin Lehner without a rebound.
18:26 of 3rd period - Matt Stajan wins face-off versus Jason Spezza in Golden Knights zone.
18:43 of 3rd period - Drew Doughty is hit by Michael Kostka and loses puck.
Goals for this period are 3 for Sharks vs 0 for Golden Knights.
Shots for this period are 11 for Sharks vs 8 for Golden Knights.